 Dungeon Crawl Stone Soup version 0.23.0-2-g0fe3ce5 (webtiles) character file.

Game seed: 1572705939025964395

84 theswoord the Stinger (level 4, -2/36 HPs)
             Began as a Naga Venom Mage on Feb 19, 2019.
             Slain by an orc priest
             ... wielding a +0 hand axe
              (6 damage)
             ... on level 2 of the Dungeon.
             The game lasted 00:06:13 (1957 turns).

theswoord the Stinger (Naga Venom Mage)             Turns: 1957, Time: 00:06:14

Health: -2/36      AC:  2    Str: 10    XL:     4   Next: 46%
Magic:  3/7        EV: 10    Int: 16    God:
Gold:   52         SH:  0    Dex: 12    Spells: 3/7 levels left

rFire    . . .     SeeInvis +   f - +0 mace
rCold    . . .     Gourm    .   (no shield)
rNeg     . . .     Faith    .   a - +0 robe
rPois    +         Spirit   .   (no helmet)
rElec    .         Reflect  .   (no cloak)
rCorr    .         Harm     .   (no gloves)
MR       .....                  (no barding)
Stlth    ++........             (no amulet)
HPRegen  0.12/turn              (no ring)
MPRegen  0.10/turn              (no ring)

@: flying, very slow
A: large, see invisible, deformed body, poison resistance, slowness 2, slow
metabolism 1, spit poison 1, AC +1
a: Spit Poison


You were on level 2 of the Dungeon.
You were not hungry.

You visited 1 branch of the dungeon, and saw 3 of its levels.

You collected 52 gold pieces.

Inventory:

Hand Weapons
 f - a +0 mace (weapon)
Armour
 a - a +0 robe (worn)
Scrolls
 b - 2 scrolls of identify {unknown}
 e - 2 scrolls of remove curse
 g - a scroll of teleportation {unknown}
 k - a scroll of amnesia {unknown}
Potions
 h - a potion of brilliance {unknown}
 i - a potion of berserk rage {unknown}
Comestibles
 c - 4 rations


   Skills:
 - Level 1.5 Dodging
 - Level 3.0 Stealth
 - Level 2.0 Spellcasting
 + Level 3.0 Conjurations
 + Level 5.5 Poison Magic


You had 3 spell levels left.
You knew the following spells:

 Your Spells              Type           Power        Failure   Level  Hunger
a - Sting                 Conj/Pois      ###.         3%          1    #......
b - Mephitic Cloud        Conj/Pois/Air  ##......     19%         3    ###....

Your spell library contained the following spells:

 Spells                   Type           Power        Failure   Level  Hunger
 Poisonous Vapours        Pois/Air       ##....       10%         2    ###....
 Olgreb's Toxic Radiance  Pois           ###.....     22%         4    #####..
 Venom Bolt               Conj/Pois      ###.......   69%         5    ######.


Dungeon Overview and Level Annotations

Branches:
Dungeon (3/15)

Altars:


Innate Abilities, Weirdness & Mutations

You cannot wear boots.
Your serpentine skin is tough. (AC +1)
You have supernaturally acute eyesight. (SInv)
Armour fits poorly on your strangely shaped body.
Your system is resistant to poisons. (rPois)
You cover ground very slowly.
You have a slow metabolism.
You can spit poison.


Message History

The orc is engulfed in noxious fumes.
The orc appears confused.
You kill the orc!
Your Conjurations skill increases to level 3!
The orc closely misses you. The orc hits you.
A hobgoblin comes into view.
The goblin hits you but does no damage. The bat closely misses you.
The adder completely misses the goblin.
The adder bites itself.
The orc is engulfed in noxious fumes.
The orc appears confused.
The bat barely misses you.
The orc priest invokes the aid of Beogh against you.
Beogh smites you!
* * * LOW HITPOINT WARNING * * *
The orc hits you but does no damage. The orc closely misses you.
You climb upwards.
There is a stone staircase leading down here.
It was a potion of flight.
You feel very buoyant.
You fly up into the air.
The goblin barely misses you.
The orc priest hits you with a +0 hand axe.
You die...

.......#.#.############## #....
.####.....(.............# #.##.
.......#[#.#.##########.#####)###
.......(.....# #.)...((...
######.#.#.#.##########.#####(###
.........[................# #.##.
.......#.#.#.##########.#.# #.##.
#.####......###o## #.....# #.###
#.# #.#.#.###.#@####.....###.#
#.# ##.......#ogo............###
#.######.#.#.#...####.....#......
...........<.##.## #.....#.#.###
######.#.#.####.# #.....#.#.### #
#......# #.## ###.#.#.#.... #
###.#.## #..# #.......... #
#.....# ##.######.#.....).# #
##.#.## #.##.....###.(....


You could see an orc priest, 2 orcs and a goblin.

Vanquished Creatures
  2 adders (D:2)
  4 dart slugs
  2 leopard geckos (D:2)
  An orc (D:3)
  3 giant cockroaches
  11 goblins
  7 hobgoblins
  A quokka (D:2)
  A ball python (D:1)
  4 bats
  5 frilled lizards
  7 kobolds
  6 rats
54 creatures vanquished.

Vanquished Creatures (others)
  A kobold (D:2)
1 creature vanquished.

Grand Total: 55 creatures vanquished

Notes
Turn   | Place    | Note
-------+----------+-------------------------------------------
     0 | D:1      | theswoord the Naga Venom Mage began the quest for the Orb.
     0 | D:1      | Reached XP level 1. HP: 15/15 MP: 3/3
   112 | D:1      | Reached XP level 2. HP: 22/22 MP: 0/5
   566 | D:1      | Reached XP level 3. HP: 28/28 MP: 4/6
   671 | D:1      | Learned a level 3 spell: Mephitic Cloud
   966 | D:2      | Reached skill level 5 in Poison Magic
  1455 | D:2      | Reached XP level 4. HP: 32/36 MP: 4/7
  1957 | D:2      | Slain by an orc priest

Skill      XL: |  1  2  3  4 |
---------------+-------------+-----
Conjurations   | 2 3 |  3.0
Poison Magic   | 5 |  5.5
Dodging        | |  1.5
Stealth        | |  3.0
Spellcasting   | |  2.0

Action                   |  1- 3 |  4- 6 || total
-------------------------+-------+-------++-------
Melee: Mace              |    15 |     5 ||    20
 Cast: Sting             |    56 |    16 ||    72
       Mephitic Cloud    |     2 |     2 ||     4
 Abil: Spit Poison       |    14 |     5 ||    19
  Use: Scroll            |     2 |       ||     2
       Potion            |       |     1 ||     1
  Eat: Chunk             |     3 |     2 ||     5
Armor: Robe              |     6 |     5 ||    11
Dodge: Dodged            |    18 |    23 ||    41

Levels and vault maps discovered:
D:1:      wander_arrival_desolate, layout_basic, grunt_decor_one_mirror,
          due_unseen_surprise
D:2:      layout_loops_ring, st_stairs_13, minmay_tromino_v4_b
D:3:      minmay_spotlight, layout_rooms, chequers_ecumenical_altar_twisty,
          ebering_ghost_sewer_f, grunt_qazlal_clouds
